 Dungeon Crawl Stone Soup version 0.26.1-11-gd32895ea62 (webtiles) character file.

Game seed: 9399539170937764267

293743 dtburroughs the Severer (level 20, -4/188 HPs)
             Began as a Minotaur Berserker on July 19, 2021.
             Was a High Priest of Trog.
             Slain by a deep troll (11 damage)
             ... on level 4 of the Vaults on July 20, 2021.
             The game lasted 02:28:20 (61628 turns).

dtburroughs the Severer (Minotaur Berserker)       Turns: 61628, Time: 02:28:21

Health: -4/188     AC: 24    Str: 26    XL:     20   Next: 36%
Magic:  0/19       EV: 16    Int:  7    God:    Trog [*****.]
Gold:   2778       SH: 19    Dex: 12    Spells: 19/19 levels left

rFire    . . .     SeeInvis .   Z - +7 broad axe of Guhanom {flame, Will+}
rCold    + . .     Faith    .   h - +4 kite shield {reflect}
rNeg     + . .     Spirit   +   J - +0 plate armour {Will+}
rPois    .         Reflect  +   (helmet restricted)
rElec    .         Harm     .   q - scarf {repulsion}
rCorr    .         Rampage  .   Y - +1 pair of gloves
Will     +++++                  k - +2 pair of boots
Stlth    ..........             b - amulet of guardian spirit
HPRegen  1.41/turn              l - ring of positive energy
MPRegen  0.16/turn              r - ring of protection from cold

@: marked, regenerating, hasted, repel missiles, very quick
A: retaliatory headbutt, horns 2
}: 1/15 runes: gossamer
a: Renounce Religion, Berserk, Trog's Hand, Brothers in Arms


You were on level 4 of the Vaults.
You worshipped Trog.
Trog was extremely pleased with you.
You visited 5 branches of the dungeon, and saw 31 of its levels.
You visited the Abyss 1 time.
You also visited: Gauntlet.

You collected 3323 gold pieces.
You spent 545 gold pieces at shops.

Inventory:

Hand Weapons
 B - the +5 war axe of Bograk {flame, rF+ Str+6 Int-2}
   (Trog gifted it to you on level 2 of the Vaults)

   It has been specially enchanted to burn those struck by it, causing extra
   injury to most foes and up to half again as much damage against particularly
   susceptible opponents.
   Big, fiery blades are also staple armaments of hydra-hunters.
   It affects your strength (+6).
   It affects your intelligence (-2).
   It protects you from fire.
 D - a +5 antimagic war axe
 G - a +8 broad axe of freezing
 Z - the +7 broad axe of Guhanom (weapon) {flame, Will+}
   (Trog gifted it to you on level 4 of the Spider Nest)

   It has been specially enchanted to burn those struck by it, causing extra
   injury to most foes and up to half again as much damage against particularly
   susceptible opponents.
   Big, fiery blades are also staple armaments of hydra-hunters.
   It affects your willpower, your defense against some magical effects.
Armour
 h - a +4 kite shield of reflection (worn)
 i - the +0 scale mail of the Saviour {rPois rF+ Will-}
   (You found it in a Gauntlet)

   It protects you from fire.
   It protects you from poison.
   It affects your willpower, your defense against some magical effects.
 k - a +2 pair of boots (worn)
 q - a scarf of repulsion (worn)
 J - a +0 plate armour of willpower (worn)
 U - the +2 plate armour of Qecats {-Cast rC+++ Int+9 Slay+2}
   (You found it on level 2 of the Spider Nest)

   It affects your intelligence (+9).
   It affects your accuracy and damage with ranged weapons and melee attacks
   (+2).
   It renders you almost immune to cold.
   It prevents spellcasting.
 Y - a +1 pair of gloves (worn)
Jewellery
 b - an amulet of guardian spirit (around neck)
 l - a ring of positive energy (left hand)
 r - a ring of protection from cold (right hand)
 M - an uncursed ring of fire
 Q - a +6 ring of strength
 T - an uncursed ring of see invisible
 W - an uncursed ring of flight
 X - a +4 ring of evasion
Wands
 j - a wand of disintegration (25)
 s - a wand of polymorph (14)
 v - a wand of iceblast (34)
 y - a wand of flame (26)
 A - a wand of paralysis (18)
 O - a wand of enslavement (9)
 P - a wand of digging (6)
 V - a wand of random effects (20)
Scrolls
 a - a scroll of noise
 c - 7 scrolls of immolation
 d - 8 scrolls of remove curse
 f - 7 scrolls of fog
 m - 4 scrolls of fear
 o - a scroll of summoning
 p - 8 scrolls of teleportation
 u - a scroll of vulnerability {unknown}
 w - 2 scrolls of magic mapping
 C - a scroll of holy word {unknown}
 H - 3 scrolls of silence
 N - a scroll of torment {unknown}
Potions
 e - 7 potions of attraction
 g - 9 potions of curing
 t - 2 potions of ambrosia
 x - 2 potions of haste
 z - a potion of invisibility
 E - a potion of resistance {unknown}
 F - 6 potions of might
 I - a potion of cancellation {unknown}
 K - 4 potions of lignification
 R - a potion of magic {unknown}
 S - a potion of mutation {unknown}
Miscellaneous
 L - a tin of tremorstones (2/2)


   Skills:
 + Level 18.2 Fighting
 + Level 18.3 Axes
 + Level 18.1 Armour
 + Level 16.8 Dodging
 + Level 16.7 Shields
 + Level 13.9 Evocations


You had 19 spell levels left.
You didn't know any spells.
Your spell library was empty.

Dungeon Overview and Level Annotations

Branches:
Dungeon (15/15)            Temple (0/1) D:6            Lair (6/6) D:11
 Shoals (0/4) Lair:4       Spider (4/4) Lair:4        Slime (0/5) Lair:6
    Orc (2/2) D:11            Elf (0/3) Orc:2        Vaults (4/5) D:14
  Crypt (0/3) Vaults:2     Depths (0/5) D:15        Gauntlet (visited)

Altars:
Ashenzari
Elyvilon
Fedhas
Gozag
Hepliaklqana
Kikubaaqudgha
Makhleb
Nemelex Xobeh
Okawaru
Trog
Uskayaw
Vehumet
Wu Jian
Yredelemnul
Jiyva

Shops:
D:6 [   Orc:1 =   Orc:2 !}:   Vaults:1 :

Portals:
Trove: D:13 (give 2 scrolls of acquirement)

Annotations:
Lair:1 2 runed translucent doors, exclusion: oklob plant, Ekaitz's ghost, journeyman DEEE


Innate Abilities, Weirdness & Mutations

You reflexively headbutt those who attack you in melee.
You have a pair of horns on your head.


Message History

You reflect the bolt off your +4 kite shield of reflection!
The bolt hits the vault sentinel.
The yaktaur wields a +0 arbalest.
The yaktaur shoots a bolt.
The bolt completely misses you.
You slash the fire giant!
The fire giant is heavily wounded.
The fire giant hits you with a +1 great sword of flaming!
* * * LOW HITPOINT WARNING * * *
The fire giant burns you.
* * * LOW HITPOINT WARNING * * *
You feel much better.
You slash the fire giant! You burn the fire giant.
The fire giant is heavily wounded.
You slice the deep troll!! You burn the deep troll.
The fire giant points at you and mumbles some strange words.
The bolt of fire hits you!!!
* * * LOW HITPOINT WARNING * * *
You hit the fire giant.
The fire giant is severely wounded.
You hit the deep troll. You burn the deep troll. The deep troll bites you!
You die...

#...#...# #.......###+###
#'#'#+#######.......#......
#...#...#...#.......#))....
#...#...+...'......('......
#..##...##..#.......#......
##'#.....####.......#...>..
#...........#.......#......
#.....#..C.(+.......#......
#....)(.cT@(#.......######+
####)))..#+##########
#..##.p.##).# #..)')..#.).#
#..)#)..#.).#
########+######+#######
.........# #........#
.......(.# #(.......#
#######..# #........#


You could see a fire giant, a deep troll, a vault sentinel and a yaktaur.

Vanquished Creatures
  Arachne (Spider:2)
  Frances (Spider:2)
  2 sphinxes
  Kirke (Lair:5)
  2 deep elf sorcerers
  2 frost giants (Vaults:4)
  9 emperor scorpions
  A fire giant (Vaults:3)
  Aizul (Spider:2)
  3 ghost moths
  17 vault wardens
  12 ironheart preservers
  4 very ugly things
  7 stone giants
  2 deep elf demonologists
  A deep elf annihilator (Vaults:3)
  A spark wasp (Spider:4)
  3 entropy weavers
  A large abomination (Vaults:4)
  2 fire dragons (Vaults:2)
  Josephine (D:10)
  2 deep elf death magi (Vaults:4)
  9 yaktaur captains
  9 ogre magi
  2 ice dragons
  3 rakshasas
  8 boulder beetles
  4 death knights
  7 hydras
  8 centaur warriors
  3 catoblepae
  39 two-headed ogres
  A tengu warrior (D:15)
  14 death yaks
  8 death scarabs (Spider:4)
  2 deep troll shamans
  3 orc high priests
  3 deep elf knights
  10 skeletal warriors
  12 deep trolls
  7 wizards
  3 deep elf archers
  4 flayed ghosts
  A lindwurm (Lair:6)
  6 unseen horrors
  9 ironbrand convokers
  2 glowing orange brains
  5 harpies (Vaults:1)
  A phantasmal warrior (Vaults:4)
  4 necromancers
  4 spectral wolf spiders (Spider:4)
  2 orc sorcerers
  4 wolf spider zombies
  9 deep elf magi
  19 orb spiders
  33 wolf spiders
  2 stone giant zombies
  26 ugly things
  11 orc knights
  A frost giant zombie (D:15)
  7 cyclopes
  2 manticores (Lair:4)
  8 elephants
  10 vault sentinels
  5 moths of wrath
  5 orange demons (D:13)
  11 cane toads
  4 torpor snails
  5 black mambas
  A stone giant skeleton (D:15)
  A gargoyle (D:13)
  6 centaur skeletons
  A guardian serpent (shapeshifter) (Vaults:1)
  3 komodo dragons
  A storm dragon simulacrum (Vaults:3)
  5 spectral redbacks (Spider:4)
  A redback zombie (Spider:4)
  A spriggan zombie (D:15)
  3 kobold demonologists
  A human zombie (Vaults:2)
  48 yaktaurs
  Maggie (D:8)
  4 rime drakes
  18 demonic crawlers
  An efreet (D:15)
  A yaktaur (shapeshifter) (Vaults:2)
  A guardian mummy (D:15)
  6 freezing wraiths
  3 red devils (D:13)
  11 trolls
  2 human skeletons (Vaults:2)
  45 jumping spiders
  A polar bear (shapeshifter) (Vaults:3)
  4 spectral tarantellas (Spider:4)
  12 hornets
  A tengu conjurer (D:15)
  5 spectral jumping spiders
  A tengu simulacrum (Vaults:2)
  2 harpy skeletons (D:14)
  24 slime creatures
  9 blink frogs
  2 tarantella zombies (Spider:4)
  64 redbacks
  2 vampires
  Sigmund (D:4)
  A redback (shapeshifter) (Vaults:4)
  8 wraiths
  35 tarantellas
  4 wyverns
  54 yaks
  3 hogs (Lair:5)
  3 vampire mosquitoes (D:14)
  A human simulacrum (Vaults:2)
  4 wargs
  4 basilisks
  Duvessa (D:4)
  5 acid dragons
  3 spectral hornets (Spider:4)
  19 water moccasins
  2 floating eyes (D:14)
  38 orc warriors
  7 ice beasts
  5 sky beasts
  An eye of draining (shapeshifter) (D:9)
  8 black bears
  28 wolves
  3 phantoms
  2 boggarts
  28 ogres
  31 centaurs
  10 big kobolds
  A gnoll sergeant (D:8)
  21 bullfrogs
  A glowing shapeshifter simulacrum (Vaults:2)
  Dowan (D:4)
  5 scorpions
  10 killer bees
  3 howler monkeys
  22 wights
  4 electric eels
  2 lava snakes (D:10)
  A bullfrog zombie (D:13)
  4 centaur zombies
  2 quasits
  2 hounds
  6 jellies
  38 orc wizards
  Crazy Yiuf (D:7)
  24 orc priests
  2 bullfrog skeletons
  5 iguanas
  14 worker ants
  A hound skeleton (D:8)
  A howler monkey zombie (D:6)
  A worker ant zombie (D:5)
  A howler monkey skeleton (D:5)
  11 gnolls
  16 adders
  4 shadow imps
  3 white imps
  An ufetubus (D:6)
  An ooze (D:1)
  2 adder zombies
  2 adder skeletons
  7 worms
  4 dart slugs
  6 leopard geckos
  84 orcs
  10 bats
  5 giant cockroaches
  17 goblins
  10 hobgoblins
  9 jackals
  6 quokkas
  2 ball pythons (D:1)
  5 frilled lizards
  A jackal skeleton (D:7)
  32 kobolds
  A leopard gecko skeleton (D:4)
  A quokka skeleton (D:6)
  3 rats
1448 creatures vanquished.

Vanquished Creatures (collateral kills)
  A deep elf demonologist (Vaults:4)
  A minotaur (Gauntlet)
  3 orc high priests (Orc:2)
  An orc sorcerer (Orc:2)
  A freezing wraith (Vaults:4)
  A jumping spider (Lair:4)
  2 orc warriors
  A phantom (D:8)
  An orc priest (Orc:2)
  6 orc wizards
18 creatures vanquished.

Vanquished Creatures (others)
  A two-headed ogre (Orc:2)
  A hell knight (Vaults:4)
  An unseen horror (Vaults:1)
  An orb spider (Spider:4)
  A redback (Spider:4)
  A centaur (Vaults:1)
  An orc wizard (D:8)
  60 fungi
  101 plants
  5 toadstools (Lair:1)
  8 withered plants (D:15)
181 creatures vanquished.

Grand Total: 1647 creatures vanquished

Notes
Turn   | Place    | Note
-------+----------+-------------------------------------------
     0 | D:1      | dtburroughs the Minotaur Berserker began the quest for the
                  | Orb.
     0 | D:1      | Reached XP level 1. HP: 19/19 MP: 0/0
   252 | D:1      | Reached XP level 2. HP: 27/27 MP: 1/1
   832 | D:2      | Reached XP level 3. HP: 33/33 MP: 2/2
  1313 | D:2      | Reached ** piety under Trog
  1447 | D:2      | Reached XP level 4. HP: 34/40 MP: 3/3
  1497 | D:2      | Found an iron altar of Okawaru.
  2155 | D:3      | Found a hide-covered altar of Uskayaw.
  2313 | D:3      | Found a faded altar of an unknown god.
  2505 | D:3      | Noticed an ogre
  2508 | D:3      | Reached XP level 5. HP: 47/47 MP: 4/4
  2519 | D:3      | Killed an ogre
  2520 | D:3      | Reached skill level 5 in Fighting
  2724 | D:3      | Reached skill level 5 in Axes
  3396 | D:4      | Noticed Sigmund
  3409 | D:4      | Killed Sigmund
  3410 | D:4      | Reached XP level 6. HP: 56/56 MP: 5/5
  3674 | D:4      | Reached skill level 5 in Armour
  3677 | D:4      | Reached XP level 7. HP: 36/62 MP: 6/6
  4516 | D:4      | Reached *** piety under Trog
  4607 | D:4      | Reached skill level 5 in Dodging
  4855 | D:4      | Noticed Dowan
  4855 | D:4      | Noticed Duvessa
  4875 | D:4      | Killed Duvessa
  4876 | D:4      | Reached XP level 8. HP: 67/71 MP: 7/7
  4877 | D:4      | Killed Dowan
  5236 | D:5      | Entered Level 5 of the Dungeon
  5451 | D:5      | Reached skill level 1 in Evocations
  6086 | D:5      | Found a radiant altar of Vehumet.
  6249 | D:6      | Reached XP level 9. HP: 81/81 MP: 8/8
  6330 | D:6      | Found Eweyrrerr's Armour Shoppe.
  6692 | D:6      | Reached **** piety under Trog
  7000 | D:6      | Found a staircase to the Ecumenical Temple.
  7203 | D:6      | Found a sparkling altar of Nemelex Xobeh.
  7380 | D:6      | Found an ornate altar of the Wu Jian Council.
  7487 | D:6      | Bought a +0 chain mail of poison resistance for 110 gold
                  | pieces
  8388 | D:7      | Found a broken altar of Ashenzari.
  8409 | D:7      | Found a sparkling altar of Nemelex Xobeh.
  8427 | D:7      | Found an opulent altar of Gozag.
  8728 | D:7      | Found a runed translucent door.
  8729 | D:7      | Noticed Crazy Yiuf
  8950 | D:7      | Killed Crazy Yiuf
  9124 | D:8      | Found a hazy altar of Hepliaklqana.
  9353 | D:8      | Reached skill level 1 in Shields
  9353 | D:8      | Reached XP level 10. HP: 29/90 MP: 9/9
  9776 | D:8      | Noticed Maggie
  9790 | D:8      | Killed Maggie
 10205 | D:9      | Found a white marble altar of Elyvilon.
 10210 | D:9      | Found a broken altar of Ashenzari.
 10536 | D:9      | Found a bloodstained altar of Trog.
 10567 | D:9      | Found a burning altar of Makhleb.
 10837 | D:10     | Entered Level 10 of the Dungeon
 11214 | D:10     | Reached ***** piety under Trog
 11501 | D:10     | Noticed Josephine
 11518 | D:10     | Killed Josephine
 11519 | D:10     | Reached skill level 5 in Evocations
 12106 | D:10     | Reached skill level 10 in Fighting
 12106 | D:10     | Reached XP level 11. HP: 81/99 MP: 10/10
 12221 | D:10     | Reached skill level 10 in Axes
 13081 | D:11     | Found a staircase to the Lair.
 13097 | D:11     | Found a staircase to the Orcish Mines.
 13191 | D:11     | Noticed a two-headed ogre
 13205 | D:11     | Killed a two-headed ogre
 13206 | D:11     | Reached skill level 5 in Shields
 13830 | D:12     | Noticed a two-headed ogre
 13845 | D:12     | Killed a two-headed ogre
 13846 | D:12     | Reached skill level 10 in Armour
 13890 | D:12     | Noticed a centaur warrior
 13915 | D:12     | Killed a centaur warrior
 14147 | D:12     | Killed an unseen horror
 14735 | D:12     | Noticed a cyan ugly thing
 14749 | D:12     | Killed a cyan ugly thing
 14879 | D:12     | Reached XP level 12. HP: 110/110 MP: 11/11
 14914 | D:12     | Reached skill level 10 in Dodging
 15107 | D:12     | Received a gift from Trog
 15443 | D:12     | Noticed a four-headed hydra
 15457 | D:12     | Killed a four-headed hydra
 15906 | Lair:1   | Entered Level 1 of the Lair of Beasts
 15950 | Lair:1   | Found a runed translucent door.
 15952 | Lair:1   | Noticed Ekaitz's ghost (journeyman DEEE)
 16223 | Lair:1   | Found a gate leading to a gauntlet.
 16246 | Gauntlet | Entered a Gauntlet
 16246 | Gauntlet | Found a transporter.
 16246 | Gauntlet | Found a transporter.
 16253 | Gauntlet | Found a transporter.
 16268 | Gauntlet | Found a transporter.
 16284 | Gauntlet | Found a transporter.
 16296 | Gauntlet | Found a transporter.
 16315 | Gauntlet | Found a transporter.
 16386 | Gauntlet | Noticed a catoblepas
 16393 | Gauntlet | Found a transporter.
 16402 | Gauntlet | Found a transporter.
 16405 | Gauntlet | Noticed a tengu warrior
 16416 | Gauntlet | Found a transporter.
 16429 | Gauntlet | Found a transporter.
 16445 | Gauntlet | Found a transporter.
 16456 | Gauntlet | Noticed an entropy weaver
 16512 | Gauntlet | Found a transporter.
 16522 | Gauntlet | Found a transporter.
 16530 | Gauntlet | Found a transporter.
 16562 | Gauntlet | Found a transporter.
 16976 | Gauntlet | Got a twisted scale mail
 17156 | Gauntlet | Noticed a minotaur
 17166 | Gauntlet | Killed a minotaur
 17339 | Lair:1   | Identified the cursed +0 scale mail of the Saviour {rPois
                  | rF+ Will-} (You found it in a Gauntlet)
 17444 | Lair:1   | Noticed a four-headed hydra
 17457 | Lair:1   | Killed a four-headed hydra
 18159 | Lair:1   | Noticed a catoblepas
 18159 | Lair:1   | Noticed a dire elephant
 18180 | Lair:1   | Found a runed translucent door.
 18893 | Lair:2   | Noticed a four-headed hydra
 18901 | Lair:2   | Killed a two-headed hydra
 19032 | Lair:2   | Reached XP level 13. HP: 95/117 MP: 12/12
 19673 | Lair:3   | Received a gift from Trog
 21837 | Lair:4   | Found a hole to the Spider Nest.
 23736 | Lair:4   | Found a staircase to the Shoals.
 24579 | Lair:5   | Noticed Kirke
 24692 | Lair:5   | Noticed a sphinx
 24693 | Lair:5   | Killed Kirke
 24781 | Lair:4   | Reached skill level 10 in Shields
 24920 | Lair:5   | Reached XP level 14. HP: 62/127 MP: 13/13
 25849 | Lair:6   | Entered Level 6 of the Lair of Beasts
 26007 | Lair:6   | Found a staircase to the Slime Pits.
 26008 | Lair:6   | Found a viscous altar of Jiyva.
 29328 | D:13     | Found a portal to a secret trove of treasure.
 29524 | D:13     | Found a blossoming altar of Fedhas.
 31375 | D:14     | Reached XP level 15. HP: 83/137 MP: 14/14
 31535 | D:14     | Found a gate to the Vaults.
 32038 | D:14     | Reached skill level 10 in Evocations
 32192 | D:14     | Paralysed by a floating eye for 4 turns
 32258 | D:14     | Received a gift from Trog
 32417 | D:15     | Entered Level 15 of the Dungeon
 33114 | D:15     | Found a staircase to the Depths.
 34393 | Lair:1   | Identified a scroll of acquirement
 34397 | Lair:1   | Acquired a +1 kite shield of reflection
 34444 | Orc:1    | Entered Level 1 of the Orcish Mines
 34452 | Orc:1    | Received a gift from Trog
 34790 | Orc:2    | Entered Level 2 of the Orcish Mines
 35089 | Orc:1    | Found a flagged portal.
 35253 | Orc:1    | Found Rizaa's Jewellery Shoppe.
 35481 | Orc:1    | Noticed an orc warlord
 36473 | Orc:2    | Received a gift from Trog
 36611 | Orc:2    | Found a staircase to the Elven Halls.
 36784 | Orc:2    | HP: 3/139 [smoke demon/divine providence[an orc high
                  | priest] (11)]
 37217 | Orc:2    | Found Hiotykye's Magic Scroll Shoppe.
 37217 | Orc:2    | Found Buseapn's Book Shoppe.
 37220 | Orc:2    | Found Bureaz's Distillery.
 37220 | Orc:2    | Found Naboll's Gadget Emporium.
 37327 | Orc:2    | Bought a potion of curing for 45 gold pieces
 37327 | Orc:2    | Bought a potion of curing for 45 gold pieces
 37327 | Orc:2    | Bought a potion of might for 60 gold pieces
 37327 | Orc:2    | Bought a potion of haste for 150 gold pieces
 37327 | Orc:2    | Bought a potion of might for 60 gold pieces
 37327 | Orc:2    | Bought a potion of heal wounds for 75 gold pieces
 38252 | Spider:1 | Entered Level 1 of the Spider Nest
 38274 | Spider:1 | Received a gift from Trog
 38300 | Lair:4   | Reached XP level 16. HP: 26/147 MP: 15/15
 40007 | Spider:1 | Reached skill level 15 in Axes
 40157 | Spider:1 | Reached skill level 15 in Fighting
 41852 | Spider:2 | Received a gift from Trog
 41896 | Spider:2 | Got a bloodstained ring mail
 41971 | Spider:2 | Noticed Frances
 41991 | Spider:2 | Killed Frances
 42241 | Spider:2 | Got a heavily runed plate armour
 42260 | Spider:1 | Identified the +2 plate armour of Qecats {-Cast rC+++ Int+9
                  | Slay+2} (You found it on level 2 of the Spider Nest)
 42374 | Spider:2 | Noticed Arachne
 42395 | Spider:2 | Killed Arachne
 42396 | Spider:2 | Reached skill level 15 in Armour
 43777 | Spider:2 | Noticed Aizul
 43799 | Spider:2 | Killed Aizul
 45781 | Spider:3 | Received a gift from Trog
 46082 | Spider:4 | Entered Level 4 of the Spider Nest
 46278 | Spider:3 | Reached XP level 17. HP: 118/156 MP: 5/16
 48273 | Spider:4 | Received a gift from Trog
 48278 | Spider:4 | HP: 11/237 [poisoned by an emperor scorpion]
 48932 | Spider:4 | Got a dazzling broad axe {god gift}
 48933 | Spider:4 | Identified the +7 broad axe of Guhanom {flame, Will+} (Trog
                  | gifted it to you on level 4 of the Spider Nest)
 49363 | Spider:4 | Identified the cursed +1 ring mail "Coqaeshri" {+Inv Int+3
                  | SInv} (You found it on level 2 of the Spider Nest)
 51744 | Spider:4 | Got a gossamer rune of Zot
 52125 | Vaults:1 | Entered Level 1 of the Vaults
 52414 | Vaults:1 | Cast into level 2 of the Abyss (death knight)
 52416 | Abyss:2  | Found an iron altar of Okawaru.
 52426 | Vaults:1 | Escaped the Abyss
 52427 | Vaults:1 | Received a gift from Trog
 52559 | Vaults:1 | Reached skill level 15 in Dodging
 52688 | Vaults:1 | Reached XP level 18. HP: 108/168 MP: 17/17
 52904 | Vaults:1 | Found Yttivu's Book Shop.
 54708 | Vaults:1 | Received a gift from Trog
 54709 | Vaults:1 | Reached skill level 15 in Shields
 54709 | Vaults:1 | Noticed an Ice Fiend
 55920 | Vaults:2 | Received a gift from Trog
 55927 | Vaults:2 | Got a slimy war axe {god gift}
 55928 | Vaults:2 | Identified the +5 war axe of Bograk {flame, rF+ Str+6
                  | Int-2} (Trog gifted it to you on level 2 of the Vaults)
 57015 | Vaults:2 | Reached XP level 19. HP: 124/177 MP: 18/18
 57285 | Vaults:2 | Found a staircase to the Crypt.
 57285 | Vaults:2 | Found a basalt altar of Yredelemnul.
 57286 | Vaults:2 | Found an ancient bone altar of Kikubaaqudgha.
 57784 | Vaults:3 | Received a gift from Trog
 58676 | Vaults:3 | Paralysed by an ogre mage for 6 turns
 60397 | Vaults:4 | Received a gift from Trog
 60691 | Vaults:4 | Reached XP level 20. HP: 184/187 MP: 19/19
 61627 | Vaults:4 | HP: 6/188 [fire giant/bolt of fire (38)]
 61628 | Vaults:4 | Slain by a deep troll

Illustrated notes

Levels and vault maps discovered:
D:1:      onia_arrival_handbag, layout_basic, minmay_tetromino_l2
D:2:      layout_loops_ring, okawaru_altar_gauntlet_db, serial_park_tiny_1,
          minmay_misc_feat_secret_circle
D:3:      layout_basic, lemuel_doored_altar, chequers_ecumenical_altar_island,
          minmay_ogre_servants
D:4:      cheibrodos_barr_body, layout_loops_corners, uniq_sigmund, uniq_duvessa
D:5:      layout_rooms, marbit_many_paths
D:6:      layout_rooms, nzn_wu_jian_council_hall, temple_hall, serial_shops,
          shop, nemelex_spade_bored_becter
D:7:      layout_basic, grunt_temple_overflow_opulence, basic_altar,
          water_boxes_lemuel, uniq_crazy_yiuf_cottage
D:8:      layout_basic, nzn_hepliaklqana_mist_gate, uniq_maggie
D:9:      layout_rooms, kennysheep_mini_moat, old_standard_altar,
          grunt_temple_overflow_open
D:10:     layout_roguey, kennysheep_dice, uniq_josephine
D:11:     layout_basic, due_lair_maze_entry_diamond
D:12:     layout_layer_cave
D:13:     layout_layer_cave, enter_trove_0, basic_altar,
          hangedman_abyss_or_decor_slice, minmay_beelzebubs_servants
D:14:     layout_big_octagon, david_vaults_1, onia_ninara_cookie
D:15:     gammafunk_depths_entry_grave, layout_rooms, hex_intersection,
          minmay_misc_feat_cross
Lair:1:   gammafunk_lair_enchanted_lake, layout_gridlike, gammafunk_ghost_grave,
          gauntlet_entry_generic, minmay_lair_oklob_chamber, grunt_megastairs_5
Lair:2:   layout_roguey
Lair:3:   layout_gridlike, hangedman_lair_unloving_vines,
          infiniplex_staircase_pool
Lair:4:   nzn_motion_control, layout_regular_city, shoals_dummy_entry,
          spider_nest_entry_web_field
Lair:5:   layout_long_grid, minmay_stone_trees_small, lemuel_fruit_fields,
          uniq_kirke
Lair:6:   grunt_lair_end_beastmaster, layout_regular_city, slime_altar_1,
          grunt_megastairs_4
Spider:1: nicolae_spider_corner, nicolae_spider_shape,
          hangedman_spider_tarantella_strand
Spider:2: layout_spider_delve, uniq_aizul, uniq_arachne, uniq_frances
Spider:3: layout_chambers
Spider:4: floodkiller_spider_rune_tomb, drop_trap, nicolae_orb_stairs
Orc:1:    layout_caves, enter_bailey_5, serial_shops,
          nicolae_shop_window_shopping, elf_legates
Orc:2:    st_orc_mages, layout_caves, nicolae_volcano_entry_two_sided
Vaults:1: vaults_dpeg_cross, hangedman_vaults_stream, grunt_vaults_focal,
          vaults_dpeg_ring, nicolae_vaults_alarming, nicolae_vaults_network_s,
          hangedman_vaults_maws, vaults_dpeg_encased_lava,
          nicolae_vaults_little_squares_3, layout_vaults_omnigrid, serial_shops,
          nicolae_shop_temple_entry_statues_fountains
Vaults:2: hangedman_vaults_variations, nicolae_vaults_network_square,
          nicolae_vaults_little_squares_3, hangedman_vaults_cutoff,
          minmay_crypt_entry_necro_gods, vaults_room_corners,
          nicolae_vaults_network_periphery, ontoclasm_vaults_tryst,
          hangedman_vaults_nodes, ontoclasm_vaults_ligature,
          layout_vaults_omnicross
Vaults:3: nicolae_vaults_windows_and_doors_thing, hangedman_vaults_capsules,
          nicolae_vaults_asterisk, vaults_room_corners,
          ontoclasm_vaults_ring_square, ontoclasm_vaults_fault, v_alt_pattern_5,
          vaults_mumra_minichess_inversion, nicolae_vaults_diagonal_hallway_8,
          nicolae_vaults_yaktaur_gun_rack, vaults_mumra_chevron,
          nicolae_vaults_little_squares_1, st_lines, layout_vaults_ring
Vaults:4: v_misc_26, st_octagons_2, vaults_mumra_minichess, vaults_room_hallway,
          v_misc_3, v_misc_8, vaults_mumra_lcd, ontoclasm_vaults_gateway,
          v_misc_31, nicolae_vaults_border_crossing, grunt_vaults_funnel,
          nicolae_vaults_specimen_jars, ontoclasm_vaults_twist,
          layout_vaults_maze_snakey, portal_desolation_entry_ruin

Skill      XL: |  1  2  3  4  5  6  7  8  9 10 11 12 13 14 15 16 17 18 19 20 |
---------------+-------------------------------------------------------------+-----
Axes           | 4 5 6 7 8 9 10 12 13 14 15 16 17 18 | 18.3
Fighting       | 4 5 6 7 8 10 11 12 13 14 15 16 17 18 | 18.2
Armour         | 3 4 5 6 7 8 9 10 11 12 13 14 15 16 17 18 | 18.1
Dodging        | 3 4 5 6 7 8 9 10 11 12 13 14 15 16 | 16.8
Evocations     | 2 4 5 6 7 8 9 10 11 12 13 | 13.9
Shields        | 1 4 6 8 10 11 12 13 14 15 16 | 16.7

Action                   |  1- 3 |  4- 6 |  7- 9 | 10-12 | 13-15 | 16-18 | 19-21 || total
-------------------------+-------+-------+-------+-------+-------+-------+-------++-------
Melee: Hand axe          |    69 |    54 |       |       |       |       |       ||   123
       Headbutt          |     9 |    26 |    55 |   130 |   256 |   398 |   164 ||  1038
       War axe           |       |    80 |   374 |    14 |   100 |   438 |       ||  1006
       Broad axe         |       |       |       |   582 |  1074 |   961 |   559 ||  3176
       Mace              |       |       |       |     8 |       |       |       ||     8
       Morningstar       |       |       |       |     6 |       |       |       ||     6
       Unarmed           |       |       |       |       |     7 |       |       ||     7
Invok: Trog's Hand       |       |     2 |     5 |     9 |    17 |    14 |     8 ||    55
       Berserk           |       |       |     1 |     1 |     1 |     5 |       ||     8
       Brothers in Arms  |       |       |     1 |     1 |     3 |     1 |     2 ||     8
Evoke: Wand              |       |       |       |       |    10 |    35 |       ||    45
  Use: Scroll            |       |       |     5 |    12 |    23 |    16 |     3 ||    59
       Potion            |       |       |       |     2 |    10 |     4 |     4 ||    20
 Stab: Sleeping          |     1 |       |       |       |       |       |       ||     1
       Petrified         |       |       |       |       |     4 |       |       ||     4
       Paralysed         |       |       |       |       |     3 |    28 |       ||    31
       Invisible         |       |       |       |       |     5 |       |       ||     5
Armor: Animal skin       |     3 |       |       |       |       |       |       ||     3
       Ring mail         |     6 |    29 |    27 |       |       |       |       ||    62
       Chain mail        |       |       |   176 |   355 |       |       |       ||   531
       Scale mail        |       |       |       |    23 |   411 |   388 |       ||   822
       Plate armour      |       |       |       |       |       |   158 |   102 ||   260
Dodge: Dodged            |    70 |    95 |   237 |   396 |   727 |  1017 |   171 ||  2713
       Repelled          |       |       |       |       |     1 |     7 |     6 ||    14
Block: Buckler           |       |       |       |   156 |    37 |       |       ||   193
       Kite shield       |       |       |       |       |   849 |  1443 |   414 ||  2706
       Reflection        |       |       |       |       |    29 |    56 |    47 ||   132
